Wild vs Sharks

Created - 10 février 2020 at 19:58

Goals
1 2 3 T
Wild 1 0 0 1
Sharks 0 3 1 4
Shots
1 2 3 T
Wild 11 8 11 30
Sharks 17 11 14 42

1st period

1. Wild , Frank Vatrano 11 (Michal Kempny 11) at 2:26

Penalties :
Ryan Suter (MIW) for Hooking (Minor) at 4:46

2nd period

2. Sharks , Mark Borowiecki 1 (Zach Werenski 12, Andreas Johnsson 6) at 1:16
3. Sharks , Brandon Pirri 6 (Jonathan Huberdeau 23, Zach Werenski 13) at 9:28
4. Sharks , Dylan Larkin 16 (Alex Pietrangelo 20, Teuvo Teravainen 19) at 9:42

Penalties :
Jack Eichel (MIW) for Holding (Minor) at 6:09, Brayden McNabb (MIW) for Holding (Minor) at 9:49

3rd period

5. Sharks , Andreas Johnsson 9 (Boone Jenner 5) at 0:59

Penalties :
Mark Borowiecki (SJS) for High sticking (Minor) at 19:46

Goalie Stats

Anton Khudobin (MIW), 38 saves from 42 shots - (0,905), L, 21-9-6, 60:00 minutes
Darcy Kuemper (SJS), 29 saves from 30 shots - (0,967), W, 22-10-8, 60:00 minutes

Players Stats for Wild

Player Name              G  A  P  +/- PIM S  H  SB GA TA FO     MP     PP MP  PK MP  
------------------------------------------------------------------------------------
Adrian Kempe             0  0  0   0  0   2  1  0  0  0  0/0     7:40   0:00   0:00 
Brad Marchand            0  0  0  -1  0   1  1  0  1  0  0/1    18:16   0:13   0:22 
Brayden McNabb           0  0  0  -3  2   0  1  3  0  1  0/0    21:57   0:00   1:50 
Chris Tierney            0  0  0   0  0   1  0  2  0  0  5/11   14:06   0:00   3:02 
Christian Dvorak         0  0  0   0  0   3  0  2  1  0  1/8    10:27   0:00   2:33 
Evgeny Kuznetsov         0  0  0  -2  0   4  1  1  0  0  13/22  17:11   0:00   0:00 
Frank Vatrano            1  0  1   0  0   3  2  1  0  0  0/0    10:43   0:00   0:00 
Jack Eichel              0  0  0  -1  2   3  0  0  0  0  11/22  18:36   0:13   0:22 
Jakob Silfverberg        0  0  0  -2  0   1  1  0  0  1  2/5    20:34   0:00   3:02 
Jordan Greenway          0  0  0   0  0   0  0  1  0  0  0/0     7:40   0:00   0:00 
Kris Letang              0  0  0  -1  0   2  3  0  0  1  0/0    20:36   0:13   0:06 
Lawson Crouse            0  0  0   0  0   1  4  0  0  1  0/1    13:30   0:00   2:33 
Marc Staal               0  0  0  -1  0   0  2  2  0  0  0/0    22:39   0:00   3:04 
Michal Kempny            0  1  1   1  0   2  0  0  0  0  0/0    17:42   0:00   3:17 
Ryan Suter               0  0  0  -3  2   2  0  0  0  1  0/0    21:52   0:13   1:50 
Samuel Girard            0  0  0   1  0   1  0  1  2  0  0/0    15:41   0:00   1:47 
T.J. Oshie               0  0  0  -1  0   1  1  0  1  2  0/0    17:39   0:13   0:00 
William Nylander         0  0  0  -2  0   3  0  0  1  0  1/2    17:11   0:00   0:00 

Players Stats for Sharks

Player Name              G  A  P  +/- PIM S  H  SB GA TA FO     MP     PP MP  PK MP  
------------------------------------------------------------------------------------
Alex Pietrangelo         0  1  1   2  0   6  1  2  1  1  0/0    23:36   4:16   0:00 
Andreas Johnsson         1  1  2   3  0   4  1  0  0  0  0/2    11:45   0:00   0:00 
Boone Jenner             0  1  1   3  0   1  1  0  0  0  10/16  12:10   0:00   0:13 
Brandon Pirri            1  0  1   3  0   5  0  0  0  0  0/0    11:45   0:00   0:00 
Colton Sceviour          0  0  0   0  0   0  0  0  0  0  1/1     9:33   0:35   0:13 
Dylan Larkin             1  0  1   1  0   2  2  0  2  1  11/21  21:03   4:14   0:00 
Gabriel Landeskog        0  0  0  -1  0   1  1  0  0  0  2/3    17:56   1:43   0:00 
Jonathan Drouin          0  0  0   1  0   2  1  1  1  0  0/1    17:33   0:50   0:00 
Jonathan Huberdeau       0  1  1  -1  0   0  0  1  0  0  1/2    21:15   4:32   0:00 
Juho Lammikko            0  0  0   0  0   0  0  0  0  0  1/4     8:45   0:00   0:00 
Justin Braun             0  0  0  -1  0   2  2  2  0  0  0/0    20:30   0:00   0:13 
Justin Faulk             0  0  0   2  0   2  1  1  0  1  0/0    21:51   1:41   0:13 
Mark Borowiecki          1  0  1   2  2   1  3  0  0  2  0/0    13:57   0:00   0:00 
Michael Raffl            0  0  0   0  0   0  0  0  0  0  0/0     8:45   0:00   0:00 
Shea Theodore            0  0  0   2  0   2  0  1  0  1  0/0    17:52   4:16   0:00 
Sidney Crosby            0  0  0  -1  0   7  2  0  2  0  12/21  20:57   4:14   0:00 
Teuvo Teravainen         0  1  1   1  0   4  1  0  1  0  1/1    18:20   1:43   0:00 
Zach Werenski            0  2  2  -1  0   3  0  0  0  0  0/0    22:13   1:41   0:00 

3 Stars

1 - Andreas Johnsson (SJS)
2 - Darcy Kuemper (SJS)
3 - Brandon Pirri (SJS)

Power Play

Wild - 0 on 1 Attempt(s) - 0,00%
Sharks - 0 on 3 Attempt(s) - 0,00%

Penalty Kill

Wild - 3 on 3 Attempt(s) - 100,00% - Score 0 goal in Penalty Kill
Sharks - 1 on 1 Attempt(s) - 100,00% - Score 0 goal in Penalty Kill

Team Stat

Wild - Hits : 17 - Faceoff Wins : 33 - Blocked Shots : 13 - Penalty Minutes : 6
Sharks - Hits : 16 - Faceoff Wins : 39 - Blocked Shots : 8 - Penalty Minutes : 2

Official

Referees : Chris Rooney and Ian Walsh
Linesman : Derek Nansen and David Brisebois

Game Notes

No Game Note

Finance

Level 1 -- Attendance: 5172 (86,20%) -- Ticket Income 517 200 $
Level 2 -- Attendance: 4997 (99,94%) -- Ticket Income 299 820 $
Level 3 -- Attendance: 2000 (100,00%) -- Ticket Income 70 000 $
Level 4 -- Attendance: 4000 (100,00%) -- Ticket Income 80 000 $
Luxury Box -- Attendance: 810 (81,00%) -- Ticket Income 162 000 $
Game was played at the Wananiche.
Total Attendance: 16979 (94,33%)
Total Ticket Income: 1 129 020 $
Other Income: 553 220 $
Total Income: 1 682 240 $

Wild

5 vs 5 Forward 
   Center                   Left Wing                Right Wing               Time % Phy DF OF 
 1 Jack Eichel              Brad Marchand            T.J. Oshie               35     0   2  3  
 2 Evgeny Kuznetsov         William Nylander         Jakob Silfverberg        35     0   2  3  
 3 Chris Tierney            Lawson Crouse            Frank Vatrano            20     1   2  2  
 4 Christian Dvorak         Jordan Greenway          Adrian Kempe             10     2   2  1  

5 vs 5 Defense 
   Defense                  Defense                                           Time % Phy DF OF 
 1 Kris Letang              Marc Staal                                        37     1   2  2  
 2 Brayden McNabb           Ryan Suter                                        37     1   2  2  
 3 Samuel Girard            Michal Kempny                                     26     1   2  2  
 4 Ryan Suter               Kris Letang                                       0      1   2  2  

PowerPlay Forward 
   Center                   Left Wing                Right Wing               Time % Phy DF OF 
 1 Jack Eichel              Brad Marchand            T.J. Oshie               60     0   1  4  
 2 Evgeny Kuznetsov         William Nylander         Jakob Silfverberg        40     0   1  4  

PowerPlay Defense
   Defense                  Defense                                           Time % Phy DF OF 
 1 Ryan Suter               Kris Letang                                       60     0   1  4  
 2 Samuel Girard            Michal Kempny                                     40     0   1  4  

Penalty Kill 4 Players Forward 
   Center                   Wing                     Time % Phy DF OF 
 1 Chris Tierney            Jakob Silfverberg        55     1   4  0  
 2 Christian Dvorak         Lawson Crouse            45     1   4  0  

Penalty Kill 4 Players Defense
   Defense                  Defense                  Time % Phy DF OF 
 1 Ryan Suter               Marc Staal               55     1   4  0  
 2 Brayden McNabb           Michal Kempny            45     1   4  0  

Penalty Kill - 3 Players Forward 
   Forward                                           Time % Phy DF OF 
 1 Chris Tierney                                     60     0   5  0  
 2 Lawson Crouse                                     40     0   5  0  

Penalty Kill - 3 Players Defense
   Defense                  Defense                  Time % Phy DF OF 
 1 Ryan Suter               Michal Kempny            60     0   5  0  
 2 Brayden McNabb           Marc Staal               40     1   2  2  

4 vs 4 Forward 
   Center                   Wing                     Time % Phy DF OF 
 1 Jack Eichel              Lawson Crouse            60     1   2  2  
 2 Evgeny Kuznetsov         T.J. Oshie               40     1   2  2  

4 vs 4 Defense
   Defense                  Defense                  Time % Phy DF OF 
 1 Ryan Suter               Michal Kempny            60     1   2  2  
 2 Brayden McNabb           Kris Letang              40     1   2  2  

Last Minutes Offensive
   Center                   Left Wing                Right Wing               Defense                  Defense                  
   Jack Eichel              Brad Marchand            Evgeny Kuznetsov         Ryan Suter               Kris Letang              

Last Minutes Defensive
   Center                   Left Wing                Right Wing               Defense                  Defense                  
   Chris Tierney            Lawson Crouse            Jack Eichel              Brayden McNabb           Ryan Suter               

Goaltenders
Starting : Anton Khudobin           
Backup : Linus Ullmark            

Extra Forwards
Normal : Jordan Greenway, Frank Vatrano, Lawson Crouse - PP : Jordan Greenway, Frank Vatrano - PK : Lawson Crouse
Extra Defensemen
Normal : Samuel Girard, Kris Letang, Brayden McNabb - PP : Samuel Girard - PK : Michal Kempny, Brayden McNabb
Penalty Shots
Jack Eichel, Chris Tierney, Evgeny Kuznetsov, T.J. Oshie, Jakob Silfverberg
Custom OT Lines Forwards
Jack Eichel, Jordan Greenway, Evgeny Kuznetsov, T.J. Oshie, Jakob Silfverberg, Chris Tierney, Frank Vatrano, Lawson Crouse, Adrian Kempe, William Nylander
Custom OT Lines Defensemen
Ryan Suter, Kris Letang, Brayden McNabb, Michal Kempny, Samuel Girard

Scratches
Anton Lindholm (Healthy)

Sharks

5 vs 5 Forward 
   Center                   Left Wing                Right Wing               Time % Phy DF OF 
 1 Sidney Crosby            Gabriel Landeskog        Jonathan Huberdeau       35     1   1  3  
 2 Dylan Larkin             Teuvo Teravainen         Jonathan Drouin          35     1   1  3  
 3 Boone Jenner             Andreas Johnsson         Brandon Pirri            25     1   1  3  
 4 Juho Lammikko            Colton Sceviour          Michael Raffl            5      1   2  2  

5 vs 5 Defense 
   Defense                  Defense                                           Time % Phy DF OF 
 1 Alex Pietrangelo         Justin Faulk                                      38     1   2  2  
 2 Zach Werenski            Justin Braun                                      38     1   2  2  
 3 Mark Borowiecki          Shea Theodore                                     24     1   2  2  
 4 Mark Borowiecki          Alex Pietrangelo                                  0      0   3  2  

PowerPlay Forward 
   Center                   Left Wing                Right Wing               Time % Phy DF OF 
 1 Sidney Crosby            Jonathan Huberdeau       Dylan Larkin             60     1   2  2  
 2 Gabriel Landeskog        Teuvo Teravainen         Jonathan Huberdeau       40     1   2  2  

PowerPlay Defense
   Defense                  Defense                                           Time % Phy DF OF 
 1 Alex Pietrangelo         Shea Theodore                                     60     1   2  2  
 2 Zach Werenski            Justin Faulk                                      40     1   2  2  

Penalty Kill 4 Players Forward 
   Center                   Wing                     Time % Phy DF OF 
 1 Boone Jenner             Colton Sceviour          55     0   4  1  
 2 Juho Lammikko            Michael Raffl            45     0   4  1  

Penalty Kill 4 Players Defense
   Defense                  Defense                  Time % Phy DF OF 
 1 Mark Borowiecki          Alex Pietrangelo         55     0   4  1  
 2 Justin Braun             Justin Faulk             45     0   4  1  

Penalty Kill - 3 Players Forward 
   Forward                                           Time % Phy DF OF 
 1 Boone Jenner                                      55     0   5  0  
 2 Colton Sceviour                                   45     0   5  0  

Penalty Kill - 3 Players Defense
   Defense                  Defense                  Time % Phy DF OF 
 1 Alex Pietrangelo         Justin Faulk             55     0   5  0  
 2 Justin Braun             Mark Borowiecki          45     0   5  0  

4 vs 4 Forward 
   Center                   Wing                     Time % Phy DF OF 
 1 Sidney Crosby            Jonathan Huberdeau       55     0   2  3  
 2 Gabriel Landeskog        Dylan Larkin             45     0   2  3  

4 vs 4 Defense
   Defense                  Defense                  Time % Phy DF OF 
 1 Alex Pietrangelo         Justin Faulk             55     0   2  3  
 2 Mark Borowiecki          Justin Braun             45     0   2  3  

Last Minutes Offensive
   Center                   Left Wing                Right Wing               Defense                  Defense                  
   Sidney Crosby            Jonathan Huberdeau       Gabriel Landeskog        Alex Pietrangelo         Justin Braun             

Last Minutes Defensive
   Center                   Left Wing                Right Wing               Defense                  Defense                  
   Sidney Crosby            Jonathan Huberdeau       Gabriel Landeskog        Alex Pietrangelo         Justin Braun             

Goaltenders
Starting : Darcy Kuemper            
Backup : Jake Allen               

Extra Forwards
Normal : Jonathan Drouin, Colton Sceviour, Michael Raffl - PP : Jonathan Drouin, Colton Sceviour - PK : Michael Raffl
Extra Defensemen
Normal : Mark Borowiecki, Justin Braun, Alex Pietrangelo - PP : Mark Borowiecki - PK : Justin Braun, Alex Pietrangelo
Penalty Shots
Sidney Crosby, Jonathan Huberdeau, Gabriel Landeskog, Dylan Larkin, Teuvo Teravainen
Custom OT Lines Forwards
Sidney Crosby, Jonathan Huberdeau, Gabriel Landeskog, Dylan Larkin, Teuvo Teravainen, Boone Jenner, Jonathan Drouin, Colton Sceviour, Michael Raffl, Andreas Johnsson
Custom OT Lines Defensemen
Alex Pietrangelo, Justin Braun, Zach Werenski, Justin Faulk, Mark Borowiecki

Scratches
Mirco Mueller (Healthy)

% Time on Ice - Wild

Lines # - Real PCT - Wanted PCT - Time Play
Normal Forward
1 - 33% - 35% - 18:02
2 - 32% - 35% - 17:25
3 - 20% - 20% - 10:43
4 - 14% - 10% - 7:40
Normal Defense
1 - 37% - 37% - 19:50
2 - 37% - 37% - 19:53
3 - 25% - 26% - 13:40
4 - 1% - 0% - 0:27
PP Forward
1 - 100% - 60% - 0:13
2 - 0% - 40% - 0:00
PP Defense
1 - 100% - 60% - 0:13
2 - 0% - 40% - 0:00
PK Forward
1 - 57% - 55% - 3:24
2 - 43% - 45% - 2:33
PK Defense
1 - 55% - 55% - 3:17
2 - 45% - 45% - 2:40
PK3 Forward
1 - 0% - 60%
2 - 0% - 40%
PK3 Defense
1 - 0% - 60%
2 - 0% - 40%
44 Forward
1 - 0% - 60%
2 - 0% - 40%
44 Defense
1 - 0% - 60%
2 - 0% - 40%
Last Minute Offensive  - 0:00
Last Minute Defensive  - 0:00
Total
Forward - 60:00
Defense - 60:00

% Time on Ice - Sharks

Lines # - Real PCT - Wanted PCT - Time Play
Normal Forward
1 - 31% - 35% - 16:43
2 - 31% - 35% - 16:37
3 - 22% - 25% - 11:45
4 - 16% - 5% - 8:45
Normal Defense
1 - 37% - 38% - 19:57
2 - 38% - 38% - 20:32
3 - 25% - 24% - 13:21
4 - 0% - 0% - 0:00
PP Forward
1 - 71% - 60% - 4:14
2 - 29% - 40% - 1:43
PP Defense
1 - 72% - 60% - 4:16
2 - 28% - 40% - 1:41
PK Forward
1 - 100% - 55% - 0:13
2 - 0% - 45% - 0:00
PK Defense
1 - 0% - 55% - 0:00
2 - 100% - 45% - 0:13
PK3 Forward
1 - 0% - 55%
2 - 0% - 45%
PK3 Defense
1 - 0% - 55%
2 - 0% - 45%
44 Forward
1 - 0% - 55%
2 - 0% - 45%
44 Defense
1 - 0% - 55%
2 - 0% - 45%
Last Minute Offensive  - 0:00
Last Minute Defensive  - 0:00
Total
Forward - 60:00
Defense - 60:00

Play-by-Play

1st period


0:01 of 1st period - Sidney Crosby wins face-off versus Jack Eichel in neutral zone.
0:04 of 1st period - Snap shot by Sidney Crosby.
0:04 of 1st period - Stopped by Anton Khudobin with a rebound.
0:06 of 1st period - Wrist shot by Jonathan Huberdeau.
0:06 of 1st period - Shot Misses the Net.
0:08 of 1st period - Slapshot by Justin Faulk.
0:08 of 1st period - Shot Misses the Net.
0:10 of 1st period - Snap shot by Alex Pietrangelo.
0:10 of 1st period - Stopped by Anton Khudobin with a rebound.
0:12 of 1st period - Snap shot by Jonathan Huberdeau.
0:12 of 1st period - Shot Hit the Post.
0:14 of 1st period - Slapshot by Alex Pietrangelo.
0:14 of 1st period - Stopped by Anton Khudobin with a rebound.
0:16 of 1st period - Wrist shot by Alex Pietrangelo.
0:16 of 1st period - Stopped by Anton Khudobin with a rebound.
0:26 of 1st period - Justin Faulk is hit by Kris Letang and loses puck.
0:49 of 1st period - Slapshot by Christian Dvorak.
0:49 of 1st period - Stopped by Darcy Kuemper without a rebound.
0:50 of 1st period - Boone Jenner wins face-off versus Christian Dvorak in Sharks zone.
1:58 of 1st period - Slapshot by Evgeny Kuznetsov.
1:58 of 1st period - Shot Blocked by Justin Braun.
2:06 of 1st period - Snap shot by Brad Marchand.
2:06 of 1st period - Shot Misses the Net.
2:26 of 1st period - Snap shot by Frank Vatrano.
2:26 of 1st period - Goal by Frank Vatrano - Wild : 1 - Sharks : 0.
2:27 of 1st period - Boone Jenner wins face-off versus Evgeny Kuznetsov in neutral zone.
2:32 of 1st period - Snap shot by Brandon Pirri.
2:32 of 1st period - Stopped by Anton Khudobin without a rebound.
2:33 of 1st period - Boone Jenner wins face-off versus Evgeny Kuznetsov in Wild zone.
2:34 of 1st period - Slapshot by Brandon Pirri.
2:34 of 1st period - Shot Misses the Net.
3:04 of 1st period - Snap shot by Teuvo Teravainen.
3:04 of 1st period - Stopped by Anton Khudobin with a rebound.
3:06 of 1st period - Snap shot by Teuvo Teravainen.
3:06 of 1st period - Stopped by Anton Khudobin without a rebound.
3:07 of 1st period - Jack Eichel wins face-off versus Sidney Crosby in Wild zone.
3:47 of 1st period - Snap shot by Sidney Crosby.
3:47 of 1st period - Stopped by Anton Khudobin without a rebound.
3:48 of 1st period - Dylan Larkin wins face-off versus Chris Tierney in Wild zone.
4:19 of 1st period - Off-side.
4:20 of 1st period - Evgeny Kuznetsov wins face-off versus Boone Jenner in neutral zone.
4:39 of 1st period - Snap shot by Brandon Pirri.
4:39 of 1st period - Deflect By Kris Letang.
4:39 of 1st period - Stopped by Anton Khudobin with a rebound.
4:41 of 1st period - Snap shot by Brandon Pirri.
4:41 of 1st period - Shot Misses the Net.
4:43 of 1st period - Slapshot by Justin Braun.
4:43 of 1st period - Stopped by Anton Khudobin without a rebound.
4:44 of 1st period - Chris Tierney wins face-off versus Dylan Larkin in Wild zone.
4:46 of 1st period - Minor Penalty to Ryan Suter for Hooking.
4:47 of 1st period - Sidney Crosby wins face-off versus Chris Tierney in Wild zone.
5:13 of 1st period - Jonathan Huberdeau is hit by Lawson Crouse and loses puck.
6:46 of 1st period - Penalty to Ryan Suter is over, Ryan Suter is back on ice.
7:00 of 1st period - Snap shot by Jonathan Huberdeau.
7:00 of 1st period - Deflect By Sidney Crosby.
7:00 of 1st period - Shot Misses the Net.
7:00 of 1st period - Puck is out of play.
7:01 of 1st period - Boone Jenner wins face-off versus Christian Dvorak in Wild zone.
7:06 of 1st period - Wrist shot by Brandon Pirri.
7:06 of 1st period - Shot Misses the Net.
7:08 of 1st period - Snap shot by Boone Jenner.
7:08 of 1st period - Stopped by Anton Khudobin without a rebound.
7:09 of 1st period - Christian Dvorak wins face-off versus Boone Jenner in Wild zone.
7:23 of 1st period - Slapshot by Shea Theodore.
7:23 of 1st period - Shot Blocked by Christian Dvorak.
7:25 of 1st period - Slapshot by Andreas Johnsson.
7:25 of 1st period - Stopped by Anton Khudobin with a rebound.
7:27 of 1st period - Slapshot by Shea Theodore.
7:27 of 1st period - Stopped by Anton Khudobin without a rebound.
7:28 of 1st period - Evgeny Kuznetsov wins face-off versus Juho Lammikko in Wild zone.
7:33 of 1st period - Snap shot by Michael Raffl.
7:33 of 1st period - Shot Misses the Net.
7:35 of 1st period - Slapshot by Colton Sceviour.
7:35 of 1st period - Shot Blocked by Brayden McNabb.
8:14 of 1st period - Snap shot by Christian Dvorak.
8:14 of 1st period - Shot Misses the Net.
9:01 of 1st period - Alex Pietrangelo is hit by Lawson Crouse and loses puck.
9:22 of 1st period - Snap shot by Gabriel Landeskog.
9:22 of 1st period - Shot Misses the Net.
9:24 of 1st period - Backhand shot by Justin Faulk.
9:24 of 1st period - Deflect By Gabriel Landeskog.
9:24 of 1st period - Stopped by Anton Khudobin without a rebound.
9:25 of 1st period - Evgeny Kuznetsov wins face-off versus Sidney Crosby in Wild zone.
9:36 of 1st period - Justin Braun is hit by Kris Letang and loses puck.
10:24 of 1st period - Wrist shot by Zach Werenski.
10:24 of 1st period - Shot Blocked by Brayden McNabb.
11:35 of 1st period - Icing by Michal Kempny.
11:36 of 1st period - Boone Jenner wins face-off versus Chris Tierney in Wild zone.
12:13 of 1st period - Slapshot by Jack Eichel.
12:13 of 1st period - Stopped by Darcy Kuemper with a rebound.
12:23 of 1st period - Snap shot by Christian Dvorak.
12:23 of 1st period - Stopped by Darcy Kuemper with a rebound.
12:33 of 1st period - Christian Dvorak is hit by Sidney Crosby.
12:53 of 1st period - Wrist shot by Evgeny Kuznetsov.
12:53 of 1st period - Stopped by Darcy Kuemper without a rebound.
12:54 of 1st period - Jack Eichel wins face-off versus Dylan Larkin in Sharks zone.
13:28 of 1st period - Wrist shot by Brandon Pirri.
13:28 of 1st period - Shot Blocked by Samuel Girard.
13:31 of 1st period - Icing by William Nylander.
13:32 of 1st period - Evgeny Kuznetsov wins face-off versus Sidney Crosby in Wild zone.
13:47 of 1st period - Slapshot by William Nylander.
13:47 of 1st period - Stopped by Darcy Kuemper with a rebound.
13:49 of 1st period - Backhand shot by Michal Kempny.
13:49 of 1st period - Stopped by Darcy Kuemper with a rebound.
13:51 of 1st period - Slapshot by Michal Kempny.
13:51 of 1st period - Deflect By Jonathan Huberdeau.
13:51 of 1st period - Stopped by Darcy Kuemper without a rebound.
13:52 of 1st period - Dylan Larkin wins face-off versus Jack Eichel in Sharks zone.
14:06 of 1st period - Snap shot by Brad Marchand.
14:06 of 1st period - Shot Misses the Net.
15:46 of 1st period - Alex Pietrangelo is hit by Brayden McNabb and loses puck.
16:33 of 1st period - Slapshot by Kris Letang.
16:33 of 1st period - Stopped by Darcy Kuemper without a rebound.
16:34 of 1st period - Sidney Crosby wins face-off versus Christian Dvorak in Sharks zone.
16:55 of 1st period - Slapshot by Ryan Suter.
16:55 of 1st period - Shot Blocked by Shea Theodore.
16:57 of 1st period - Slapshot by Brayden McNabb.
16:57 of 1st period - Deflect By Adrian Kempe.
16:57 of 1st period - Stopped by Darcy Kuemper without a rebound.
16:58 of 1st period - Dylan Larkin wins face-off versus Jack Eichel in Sharks zone.
17:27 of 1st period - Wrist shot by Jonathan Drouin.
17:27 of 1st period - Stopped by Anton Khudobin without a rebound.
17:28 of 1st period - William Nylander wins face-off versus Gabriel Landeskog in Wild zone.
17:53 of 1st period - Mark Borowiecki is hit by Lawson Crouse and loses puck.
18:17 of 1st period - Slapshot by Jonathan Drouin.
18:17 of 1st period - Shot Misses the Net.
18:19 of 1st period - Wrist shot by Jonathan Drouin.
18:19 of 1st period - Shot Misses the Net.
18:21 of 1st period - Wrist shot by Dylan Larkin.
18:21 of 1st period - Shot Misses the Net.
18:23 of 1st period - Snap shot by Dylan Larkin.
18:23 of 1st period - Shot Misses the Net.
18:25 of 1st period - Wrist shot by Jonathan Drouin.
18:25 of 1st period - Stopped by Anton Khudobin with a rebound.
18:27 of 1st period - Snap shot by Jonathan Drouin.
18:27 of 1st period - Shot Misses the Net.
18:29 of 1st period - Slapshot by Shea Theodore.
18:29 of 1st period - Stopped by Anton Khudobin without a rebound.
18:30 of 1st period - Gabriel Landeskog wins face-off versus Evgeny Kuznetsov in Wild zone.
18:57 of 1st period - Jonathan Drouin is hit by Brad Marchand and loses puck.
19:06 of 1st period - Wrist shot by Jack Eichel.
19:06 of 1st period - Stopped by Darcy Kuemper without a rebound.
19:07 of 1st period - Jack Eichel wins face-off versus Andreas Johnsson in Sharks zone.
19:18 of 1st period - Wrist shot by Brad Marchand.
19:18 of 1st period - Shot Misses the Net.
19:20 of 1st period - Wrist shot by Brad Marchand.
19:20 of 1st period - Shot Misses the Net.
19:22 of 1st period - Wrist shot by Michal Kempny.
19:22 of 1st period - Shot Misses the Net.
19:24 of 1st period - Snap shot by Jack Eichel.
19:24 of 1st period - Shot Misses the Net.
Goals for this period are 1 for Wild vs 0 for Sharks.
Shots for this period are 11 for Wild vs 17 for Sharks.

2nd period


0:01 of 2nd period - Dylan Larkin wins face-off versus Jakob Silfverberg in neutral zone.
0:32 of 2nd period - Jack Eichel is hit by Justin Faulk and loses puck.
0:49 of 2nd period - Snap shot by Andreas Johnsson.
0:49 of 2nd period - Stopped by Anton Khudobin without a rebound.
0:50 of 2nd period - Chris Tierney wins face-off versus Boone Jenner in Wild zone.
1:10 of 2nd period - Slapshot by Zach Werenski.
1:10 of 2nd period - Shot Blocked by Chris Tierney.
1:12 of 2nd period - Wrist shot by Zach Werenski.
1:12 of 2nd period - Shot Blocked by Chris Tierney.
1:14 of 2nd period - Snap shot by Mark Borowiecki.
1:14 of 2nd period - Shot Misses the Net.
1:16 of 2nd period - Slapshot by Mark Borowiecki.
1:16 of 2nd period - Goal by Mark Borowiecki - Wild : 1 - Sharks : 1.
1:17 of 2nd period - Dylan Larkin wins face-off versus Evgeny Kuznetsov in neutral zone.
1:44 of 2nd period - Gabriel Landeskog is hit by T.J. Oshie and loses puck.
2:50 of 2nd period - Wrist shot by Jakob Silfverberg.
2:50 of 2nd period - Stopped by Darcy Kuemper without a rebound.
2:51 of 2nd period - Sidney Crosby wins face-off versus Jakob Silfverberg in Sharks zone.
3:08 of 2nd period - Wrist shot by Sidney Crosby.
3:08 of 2nd period - Stopped by Anton Khudobin without a rebound.
3:09 of 2nd period - Dylan Larkin wins face-off versus Jack Eichel in Wild zone.
4:00 of 2nd period - Slapshot by Justin Faulk.
4:00 of 2nd period - Deflect By Kris Letang.
4:00 of 2nd period - Stopped by Anton Khudobin with a rebound.
4:18 of 2nd period - Slapshot by Kris Letang.
4:18 of 2nd period - Shot Blocked by Justin Braun.
5:00 of 2nd period - Kris Letang is hit by Dylan Larkin and loses puck.
6:09 of 2nd period - Minor Penalty to Jack Eichel for Holding.
6:10 of 2nd period - Chris Tierney wins face-off versus Sidney Crosby in Wild zone.
6:42 of 2nd period - Wrist shot by Lawson Crouse.
6:42 of 2nd period - Shot Blocked by Alex Pietrangelo.
6:44 of 2nd period - Snap shot by Lawson Crouse.
6:44 of 2nd period - Stopped by Darcy Kuemper without a rebound.
6:45 of 2nd period - Sidney Crosby wins face-off versus Christian Dvorak in Sharks zone.
7:35 of 2nd period - Chris Tierney is hit by Gabriel Landeskog.
7:38 of 2nd period - Off-side.
7:39 of 2nd period - Gabriel Landeskog wins face-off versus Lawson Crouse in neutral zone.
8:09 of 2nd period - Penalty to Jack Eichel is over, Jack Eichel is back on ice.
8:39 of 2nd period - Snap shot by Brayden McNabb.
8:39 of 2nd period - Deflect By Adrian Kempe.
8:39 of 2nd period - Stopped by Darcy Kuemper without a rebound.
8:40 of 2nd period - Dylan Larkin wins face-off versus Christian Dvorak in Sharks zone.
9:28 of 2nd period - Snap shot by Brandon Pirri.
9:28 of 2nd period - Goal by Brandon Pirri - Wild : 1 - Sharks : 2.
9:29 of 2nd period - Dylan Larkin wins face-off versus Evgeny Kuznetsov in neutral zone.
9:38 of 2nd period - Snap shot by Teuvo Teravainen.
9:38 of 2nd period - Stopped by Anton Khudobin with a rebound.
9:42 of 2nd period - Wrist shot by Dylan Larkin.
9:42 of 2nd period - Goal by Dylan Larkin - Wild : 1 - Sharks : 3.
9:43 of 2nd period - Dylan Larkin wins face-off versus Evgeny Kuznetsov in neutral zone.
9:49 of 2nd period - Minor Penalty to Brayden McNabb for Holding.
9:50 of 2nd period - Sidney Crosby wins face-off versus Chris Tierney in Wild zone.
9:57 of 2nd period - Off-side.
9:58 of 2nd period - Sidney Crosby wins face-off versus Chris Tierney in neutral zone.
10:24 of 2nd period - Slapshot by Dylan Larkin.
10:24 of 2nd period - Shot Misses the Net.
11:02 of 2nd period - Wrist shot by Sidney Crosby.
11:02 of 2nd period - Stopped by Anton Khudobin with a rebound.
11:49 of 2nd period - Penalty to Brayden McNabb is over, Brayden McNabb is back on ice.
12:00 of 2nd period - Snap shot by Sidney Crosby.
12:00 of 2nd period - Stopped by Anton Khudobin with a rebound.
12:02 of 2nd period - Slapshot by Alex Pietrangelo.
12:02 of 2nd period - Stopped by Anton Khudobin without a rebound.
12:03 of 2nd period - Jack Eichel wins face-off versus Andreas Johnsson in Wild zone.
12:39 of 2nd period - Snap shot by Evgeny Kuznetsov.
12:39 of 2nd period - Deflect By Jakob Silfverberg.
12:39 of 2nd period - Shot Misses the Net.
12:39 of 2nd period - Puck is out of play.
12:40 of 2nd period - Boone Jenner wins face-off versus Jack Eichel in Sharks zone.
12:45 of 2nd period - Brad Marchand is hit by Boone Jenner and loses puck.
14:19 of 2nd period - Lawson Crouse is hit by Justin Braun and loses puck.
14:57 of 2nd period - Slapshot by Jack Eichel.
14:57 of 2nd period - Shot Blocked by Jonathan Huberdeau.
14:59 of 2nd period - Slapshot by Samuel Girard.
14:59 of 2nd period - Stopped by Darcy Kuemper with a rebound.
15:01 of 2nd period - Wrist shot by T.J. Oshie.
15:01 of 2nd period - Stopped by Darcy Kuemper with a rebound.
15:58 of 2nd period - Michael Raffl is hit by Jakob Silfverberg and loses puck.
17:15 of 2nd period - Justin Faulk is hit by Adrian Kempe and loses puck.
18:11 of 2nd period - Ryan Suter is hit by Sidney Crosby.
18:21 of 2nd period - Evgeny Kuznetsov is hit by Mark Borowiecki and loses puck.
19:14 of 2nd period - Slapshot by Ryan Suter.
19:14 of 2nd period - Stopped by Darcy Kuemper without a rebound.
19:15 of 2nd period - Chris Tierney wins face-off versus Sidney Crosby in Sharks zone.
19:24 of 2nd period - Slapshot by Alex Pietrangelo.
19:24 of 2nd period - Deflect By Jonathan Huberdeau.
19:24 of 2nd period - Shot Blocked by Frank Vatrano.
19:24 of 2nd period - Puck is out of play.
19:25 of 2nd period - Chris Tierney wins face-off versus Dylan Larkin in Wild zone.
19:30 of 2nd period - Snap shot by Chris Tierney.
19:30 of 2nd period - Stopped by Darcy Kuemper without a rebound.
19:31 of 2nd period - Evgeny Kuznetsov wins face-off versus Dylan Larkin in Sharks zone.
19:32 of 2nd period - Wrist shot by William Nylander.
19:32 of 2nd period - Stopped by Darcy Kuemper without a rebound.
19:33 of 2nd period - Jakob Silfverberg wins face-off versus Dylan Larkin in Sharks zone.
19:54 of 2nd period - Snap shot by Dylan Larkin.
19:54 of 2nd period - Shot Misses the Net.
19:56 of 2nd period - Slapshot by Justin Faulk.
19:56 of 2nd period - Shot Blocked by Marc Staal.
19:58 of 2nd period - Wrist shot by Teuvo Teravainen.
19:58 of 2nd period - Stopped by Anton Khudobin without a rebound.
19:59 of 2nd period - Sidney Crosby wins face-off versus Jack Eichel in Wild zone.
Goals for this period are 0 for Wild vs 3 for Sharks.
Shots for this period are 8 for Wild vs 11 for Sharks.

3rd period


0:01 of 3rd period - Jack Eichel wins face-off versus Sidney Crosby in neutral zone.
0:26 of 3rd period - Zach Werenski is hit by Marc Staal and loses puck.
0:37 of 3rd period - Slapshot by Frank Vatrano.
0:37 of 3rd period - Stopped by Darcy Kuemper without a rebound.
0:38 of 3rd period - Boone Jenner wins face-off versus Jack Eichel in Sharks zone.
0:45 of 3rd period - Slapshot by Boone Jenner.
0:45 of 3rd period - Deflect By Brandon Pirri.
0:45 of 3rd period - Deflect By Jack Eichel.
0:45 of 3rd period - Stopped by Anton Khudobin without a rebound.
0:46 of 3rd period - Boone Jenner wins face-off versus Jack Eichel in Wild zone.
0:47 of 3rd period - Slapshot by Andreas Johnsson.
0:47 of 3rd period - Stopped by Anton Khudobin without a rebound.
0:48 of 3rd period - Boone Jenner wins face-off versus Jack Eichel in Wild zone.
0:59 of 3rd period - Snap shot by Andreas Johnsson.
0:59 of 3rd period - Goal by Andreas Johnsson - Wild : 1 - Sharks : 4.
1:00 of 3rd period - Jonathan Huberdeau wins face-off versus Evgeny Kuznetsov in neutral zone.
1:50 of 3rd period - Brandon Pirri is hit by Frank Vatrano and loses puck.
1:57 of 3rd period - Wrist shot by Chris Tierney.
1:57 of 3rd period - Shot Hit the Post.
1:59 of 3rd period - Snap shot by Frank Vatrano.
1:59 of 3rd period - Stopped by Darcy Kuemper with a rebound.
2:01 of 3rd period - Slapshot by Samuel Girard.
2:01 of 3rd period - Shot Misses the Net.
2:03 of 3rd period - Wrist shot by Chris Tierney.
2:03 of 3rd period - Shot Misses the Net.
2:15 of 3rd period - Slapshot by Zach Werenski.
2:15 of 3rd period - Stopped by Anton Khudobin without a rebound.
2:16 of 3rd period - Evgeny Kuznetsov wins face-off versus Juho Lammikko in Wild zone.
2:39 of 3rd period - Slapshot by Shea Theodore.
2:39 of 3rd period - Shot Misses the Net.
2:49 of 3rd period - Snap shot by Evgeny Kuznetsov.
2:49 of 3rd period - Stopped by Darcy Kuemper with a rebound.
2:51 of 3rd period - Backhand shot by Jakob Silfverberg.
2:51 of 3rd period - Shot Misses the Net.
2:53 of 3rd period - Snap shot by William Nylander.
2:53 of 3rd period - Deflect By Evgeny Kuznetsov.
2:53 of 3rd period - Shot Blocked by Alex Pietrangelo.
2:53 of 3rd period - Puck is out of play.
2:54 of 3rd period - Jack Eichel wins face-off versus Sidney Crosby in Sharks zone.
3:20 of 3rd period - Frank Vatrano is hit by Teuvo Teravainen and loses puck.
3:35 of 3rd period - Lawson Crouse is hit by Dylan Larkin and loses puck.
4:07 of 3rd period - Brayden McNabb is hit by Mark Borowiecki and loses puck.
4:29 of 3rd period - Slapshot by Jack Eichel.
4:29 of 3rd period - Shot Misses the Net.
5:31 of 3rd period - Marc Staal is hit by Justin Braun and loses puck.
6:09 of 3rd period - Off-side.
6:10 of 3rd period - Jack Eichel wins face-off versus Juho Lammikko in neutral zone.
6:21 of 3rd period - Wrist shot by Juho Lammikko.
6:21 of 3rd period - Shot Misses the Net.
6:40 of 3rd period - Snap shot by Christian Dvorak.
6:40 of 3rd period - Deflect By Adrian Kempe.
6:40 of 3rd period - Shot Misses the Net.
6:40 of 3rd period - Puck is out of play.
6:41 of 3rd period - Sidney Crosby wins face-off versus Christian Dvorak in Sharks zone.
6:48 of 3rd period - Snap shot by Jonathan Huberdeau.
6:48 of 3rd period - Deflect By Sidney Crosby.
6:48 of 3rd period - Deflect By Brayden McNabb.
6:48 of 3rd period - Shot Blocked by Brayden McNabb.
6:48 of 3rd period - Puck is out of play.
6:49 of 3rd period - Jack Eichel wins face-off versus Jonathan Huberdeau in Wild zone.
7:12 of 3rd period - Snap shot by Gabriel Landeskog.
7:12 of 3rd period - Shot Blocked by Marc Staal.
7:14 of 3rd period - Slapshot by Gabriel Landeskog.
7:14 of 3rd period - Deflect By Sidney Crosby.
7:14 of 3rd period - Stopped by Anton Khudobin with a rebound.
7:16 of 3rd period - Slapshot by Zach Werenski.
7:16 of 3rd period - Stopped by Anton Khudobin with a rebound.
7:18 of 3rd period - Slapshot by Justin Braun.
7:18 of 3rd period - Stopped by Anton Khudobin without a rebound.
7:19 of 3rd period - Teuvo Teravainen wins face-off versus William Nylander in Wild zone.
7:22 of 3rd period - Snap shot by Teuvo Teravainen.
7:22 of 3rd period - Deflect By Dylan Larkin.
7:22 of 3rd period - Shot Misses the Net.
7:22 of 3rd period - Puck is out of play.
7:23 of 3rd period - Dylan Larkin wins face-off versus Evgeny Kuznetsov in Wild zone.
7:30 of 3rd period - Wrist shot by Teuvo Teravainen.
7:30 of 3rd period - Shot Blocked by Evgeny Kuznetsov.
7:32 of 3rd period - Slapshot by Alex Pietrangelo.
7:32 of 3rd period - Stopped by Anton Khudobin without a rebound.
7:33 of 3rd period - Sidney Crosby wins face-off versus Jack Eichel in Wild zone.
8:05 of 3rd period - Wrist shot by T.J. Oshie.
8:05 of 3rd period - Shot Misses the Net.
8:07 of 3rd period - Slapshot by Kris Letang.
8:07 of 3rd period - Shot Misses the Net.
8:34 of 3rd period - Icing by Alex Pietrangelo.
8:35 of 3rd period - Sidney Crosby wins face-off versus Jakob Silfverberg in Sharks zone.
8:58 of 3rd period - Snap shot by Jonathan Huberdeau.
8:58 of 3rd period - Shot Misses the Net.
9:26 of 3rd period - Snap shot by Gabriel Landeskog.
9:26 of 3rd period - Deflect By Sidney Crosby.
9:26 of 3rd period - Shot Misses the Net.
9:26 of 3rd period - Puck is out of play.
9:27 of 3rd period - Jakob Silfverberg wins face-off versus Jonathan Drouin in Wild zone.
9:58 of 3rd period - Snap shot by Boone Jenner.
9:58 of 3rd period - Deflect By Brandon Pirri.
9:58 of 3rd period - Stopped by Anton Khudobin with a rebound.
10:00 of 3rd period - Slapshot by Brandon Pirri.
10:00 of 3rd period - Shot Blocked by Jordan Greenway.
10:02 of 3rd period - Slapshot by Andreas Johnsson.
10:02 of 3rd period - Shot Hit the Post.
11:06 of 3rd period - Wrist shot by Brad Marchand.
11:06 of 3rd period - Stopped by Darcy Kuemper with a rebound.
11:08 of 3rd period - Slapshot by Ryan Suter.
11:08 of 3rd period - Stopped by Darcy Kuemper without a rebound.
11:09 of 3rd period - Jack Eichel wins face-off versus Dylan Larkin in Sharks zone.
11:54 of 3rd period - Snap shot by Brad Marchand.
11:54 of 3rd period - Shot Misses the Net.
11:56 of 3rd period - Slapshot by Marc Staal.
11:56 of 3rd period - Deflect By T.J. Oshie.
11:56 of 3rd period - Shot Blocked by Jonathan Drouin.
11:56 of 3rd period - Puck is out of play.
11:57 of 3rd period - Evgeny Kuznetsov wins face-off versus Sidney Crosby in Sharks zone.
12:24 of 3rd period - Andreas Johnsson is hit by Marc Staal and loses puck.
12:31 of 3rd period - Chris Tierney is hit by Andreas Johnsson and loses puck.
12:52 of 3rd period - Slapshot by Alex Pietrangelo.
12:52 of 3rd period - Stopped by Anton Khudobin without a rebound.
12:53 of 3rd period - Evgeny Kuznetsov wins face-off versus Dylan Larkin in Wild zone.
12:53 of 3rd period - Evgeny Kuznetsov is hit by Jonathan Drouin.
13:03 of 3rd period - Snap shot by William Nylander.
13:03 of 3rd period - Stopped by Darcy Kuemper without a rebound.
13:04 of 3rd period - Dylan Larkin wins face-off versus Evgeny Kuznetsov in Sharks zone.
13:04 of 3rd period - Dylan Larkin is hit by Evgeny Kuznetsov.
13:20 of 3rd period - Wrist shot by Dylan Larkin.
13:20 of 3rd period - Stopped by Anton Khudobin without a rebound.
13:21 of 3rd period - Sidney Crosby wins face-off versus Jack Eichel in Wild zone.
13:57 of 3rd period - Slapshot by Evgeny Kuznetsov.
13:57 of 3rd period - Stopped by Darcy Kuemper without a rebound.
13:58 of 3rd period - Evgeny Kuznetsov wins face-off versus Boone Jenner in Sharks zone.
14:01 of 3rd period - Backhand shot by Evgeny Kuznetsov.
14:01 of 3rd period - Stopped by Darcy Kuemper without a rebound.
14:02 of 3rd period - Evgeny Kuznetsov wins face-off versus Boone Jenner in Sharks zone.
14:09 of 3rd period - Snap shot by Evgeny Kuznetsov.
14:09 of 3rd period - Deflect By Jakob Silfverberg.
14:09 of 3rd period - Shot Misses the Net.
14:09 of 3rd period - Puck is out of play.
14:10 of 3rd period - Evgeny Kuznetsov wins face-off versus Dylan Larkin in Sharks zone.
15:08 of 3rd period - Slapshot by Justin Faulk.
15:08 of 3rd period - Stopped by Anton Khudobin without a rebound.
15:09 of 3rd period - Evgeny Kuznetsov wins face-off versus Dylan Larkin in Wild zone.
15:24 of 3rd period - Samuel Girard is hit by Alex Pietrangelo and loses puck.
16:18 of 3rd period - Snap shot by Jack Eichel.
16:18 of 3rd period - Stopped by Darcy Kuemper with a rebound.
16:24 of 3rd period - Marc Staal is hit by Mark Borowiecki and loses puck.
16:39 of 3rd period - Sidney Crosby is hit by Kris Letang.
16:50 of 3rd period - Icing by Sidney Crosby.
16:51 of 3rd period - Jack Eichel wins face-off versus Sidney Crosby in Sharks zone.
17:16 of 3rd period - Wrist shot by Sidney Crosby.
17:16 of 3rd period - Shot Misses the Net.
17:18 of 3rd period - Slapshot by Zach Werenski.
17:18 of 3rd period - Stopped by Anton Khudobin with a rebound.
17:50 of 3rd period - Slapshot by Sidney Crosby.
17:50 of 3rd period - Stopped by Anton Khudobin without a rebound.
17:51 of 3rd period - Evgeny Kuznetsov wins face-off versus Dylan Larkin in Wild zone.
18:16 of 3rd period - Snap shot by Christian Dvorak.
18:16 of 3rd period - Stopped by Darcy Kuemper without a rebound.
18:17 of 3rd period - Boone Jenner wins face-off versus Christian Dvorak in Sharks zone.
18:28 of 3rd period - Backhand shot by Boone Jenner.
18:28 of 3rd period - Shot Blocked by Christian Dvorak.
18:52 of 3rd period - Wrist shot by William Nylander.
18:52 of 3rd period - Shot Misses the Net.
18:59 of 3rd period - Icing by Mark Borowiecki.
19:00 of 3rd period - Juho Lammikko wins face-off versus Chris Tierney in Sharks zone.
19:05 of 3rd period - Teuvo Teravainen is hit by Frank Vatrano and loses puck.
19:24 of 3rd period - Shea Theodore is hit by Lawson Crouse and loses puck.
19:46 of 3rd period - Minor Penalty to Mark Borowiecki for High sticking.
19:47 of 3rd period - Jack Eichel wins face-off versus Boone Jenner in Sharks zone.
19:47 of 3rd period - Wrist shot by Brad Marchand.
19:47 of 3rd period - Shot Blocked by Justin Faulk.
19:49 of 3rd period - Snap shot by Kris Letang.
19:49 of 3rd period - Deflect By Justin Faulk.
19:49 of 3rd period - Stopped by Darcy Kuemper without a rebound.
19:50 of 3rd period - Colton Sceviour wins face-off versus Brad Marchand in Sharks zone.
Goals for this period are 0 for Wild vs 1 for Sharks.
Shots for this period are 11 for Wild vs 14 for Sharks. Output by the SimonT Hockey Simulator (STHS) for Eric Tremblay - Original Page W3C HTML5 Valid
Hockey Simulator - Hockey Simulation - Hockey Manager